 Dungeon Crawl Stone Soup version 0.31.0-12-g77e489cdc1 (webtiles) character file.

Game seed: 8781372780510756344

797 sking99 the Apothecary (level 7, 0/37 HPs)
             Began as a Tengu Alchemist on Feb 29, 2024.
             Was a Follower of Ashenzari.
             Slain by an orc warrior
             ... wielding a +0 trident
              (8 damage)
             ... on level 5 of the Dungeon.
             The game lasted 00:20:34 (6181 turns).

sking99 the Apothecary (Tengu Alchemist)            Turns: 6181, Time: 00:20:35

Health: 0/37       AC:  2    Str: 10    XL:     7   Next: 89%
Magic:  9/11       EV: 17    Int: 16    God:    Ashenzari [*.....]
Gold:   271        SH:  0    Dex: 20    Spells: 2/11 levels left

rFire   . . .        o - +2 dagger (vamp)
rCold   . . .        (no shield)
rNeg    . . .        a - +0 robe of the Chained Submission {Melee, Range} (curse)
rPois   .            (helmet restricted)
rElec   .            j - scarf {repulsion}
rCorr   +            (no gloves)
SInv    .            (boots unavailable)
Will    .....        n - amulet "Circumscribed Omission" {Regen+, Sorc, Comp} (curse)
Stlth   ++           h - ring of resist corrosion
HPRegen 1.06/turn    v - +6 ring of dexterity
MPRegen 0.12/turn

%: repel missiles, acrobat
@: flying
A: beak, talons 3, evasive flight, acrobatic
a: Renounce Religion, Shatter the Chains


You were on level 5 of the Dungeon.
You worshipped Ashenzari.
Ashenzari was aware of your devotion.
You visited 2 branches of the dungeon, and saw 6 of its levels.
You also visited: Ossuary.

You collected 271 gold pieces.

Inventory:

Hand Weapons
 o - a +2 vampiric dagger (weapon)
Armour
 a - the cursed +0 robe of the Chained Submission (worn) {Melee, Range}

   It has a curse which improves the following skills: Melee Combat: Short
   Blades, Long Blades, Axes, Maces & Flails, Polearms, Staves and Unarmed
   Combat.
   Ranged Combat: Ranged Weapons and Throwing.
 j - a scarf of repulsion (worn)
Jewellery
 f - a +6 ring of strength
 h - a ring of resist corrosion (left hand)
 n - the cursed amulet "Circumscribed Omission" (around neck) {Regen+, Sorc, Comp}
   (You found it on level 2 of the Dungeon)

   [amulet of regeneration]

   Regen+:    It increases your rate of health regeneration.
   It has a curse which improves the following skills: Sorcery: Conjurations and
   Alchemy.
   Companions: Summonings and Necromancy.
 v - a +6 ring of dexterity (right hand)
Wands
 q - a wand of iceblast (3)
Scrolls
 e - 2 scrolls of fog
 k - 4 scrolls of teleportation
 l - a scroll of revelation
 r - a scroll of amnesia
Potions
 b - a potion of magic
 c - a potion of heal wounds
 d - a potion of lignification
 g - 2 potions of curing
 i - 2 potions of attraction
 m - 2 potions of haste
 p - a potion of resistance
 s - a potion of cancellation
 t - a potion of might
 u - a potion of enlightenment


   Skills:
 - Level 0.5 Fighting
 - Level 2.1 Dodging
 - Level 2.0 Stealth
 - Level 2.6 Spellcasting
 - Level 4.4(5.2) Conjurations
 - Level 4.0 Air Magic
 + Level 2.2 Earth Magic
 + Level 6.0(6.8) Alchemy


You had 2 spell levels left.
You knew the following spells:

 Your Spells              Type           Power      Damage    Failure   Level
a - Sting                 Conj/Alch      84%        1d8       1%          1
b - Mercury Vapours       Alch/Air       38%        N/A       3%          2
c - Mephitic Cloud        Conj/Alch/Air  19%        N/A       6%          3
h - Stone Arrow           Conj/Erth      28%        3d8       13%         3

Your spell library contained the following spells:

 Spells                   Type           Power      Damage    Failure   Level
 Sandblast                Erth           18%        2d7       8%          1
 Freeze                   Ice            8%         1d3       21%         1
 Olgreb's Toxic Radiance  Alch           23%        N/A       12%         4
 Hailstorm                Conj/Ice       10%        3d6       21%         3
 Passwall                 Erth           9%         N/A       22%         3
 Brom's Barrelling Bould  Conj/Erth      14%        2d4       38%         4
 Sticky Flame             Fire/Alch      13%        2d5       43%         4
 Frozen Ramparts          Ice            4%         1d1       52%         3


Dungeon Overview and Level Annotations

Branches:
Dungeon (5/15)             Temple (1/1) D:5         Ossuary (visited)

Altars:
Ashenzari
Cheibriados
Dithmenos
Elyvilon
Fedhas
Gozag
Hepliaklqana
Kikubaaqudgha
Makhleb
Nemelex Xobeh
Okawaru
Qazlal
Sif Muna
Uskayaw
Vehumet
Wu Jian
Xom
Zin
The Shining One

Shops:
D:4 *?:*


Innate Abilities, Weirdness & Mutations

You have a beak for a mouth.
You have claws for feet.
Your magical flight helps you evade attacks. (EV +4)
You can magically evade attacks while moving or waiting.


Message History

The orc warrior attacks as it pursues you!
The orc warrior completely misses you.
You see here 2 poisoned darts.
There is a staircase to the Ecumenical Temple here.
You fly downwards.
Welcome to the Ecumenical Temple!
Found seven altars.
Found a staircase back to the Dungeon.
There is a staircase back to the Dungeon here.
You start resting.
HP restored.
You start resting.
Magic restored.
You fly upwards.
Welcome back to the Dungeon!
There is a staircase to the Ecumenical Temple here.
Casting: Sting (safe; 1% risk of failure)
Confirm with . or Enter, or press ? or * to list all spells.
Aiming: Mercury Vapours (safe; 3% risk of failure)
Press: ? - help, Dir - move target, f - orc priest
Aim: an orc priest, wielding a +0 club and wearing a +0 leather armour (chance to weaken: 100%) Out of range.
Okay, then.
The orc priest mumbles some strange prayers to Beogh against you.
Beogh smites you!
You see here 2 poisoned darts.
Casting: Mercury Vapours (safe; 3% risk of failure)
Confirm with . or Enter, or press ? or * to list all spells.
Aiming: Mercury Vapours (safe; 3% risk of failure)
Press: ? - help, Dir - move target, f - orc warrior
Aim: an orc warrior, wielding a +0 trident and wearing a +0 plate armour (heavily wounded, chance to weaken: 97%) Fumes of mercury billow around the orc warrior!
The orc warrior is poisoned.
The orc warrior looks weaker.
The orc priest looks weaker.
The orc priest invokes the aid of Beogh against you.
Beogh smites you!
* * * LOW HITPOINT WARNING * * *
The orc warrior attacks as it pursues you!
The orc warrior hits you from afar with a +0 trident.
* * * LOW HITPOINT WARNING * * *
There is a staircase to the Ecumenical Temple here.
The orc warrior hits you from afar with a +0 trident!
You die...

## ### # # #
##. ... .#.
..#..#...##..
# #.....#.#..#
.#
#.#..#....#..#
##..##....#..#
#......@.....#
....#..(.##..#
## #...o#..#.#
#.#..#o#....#
#..##o..#$.##
##$.......##
########..##.#
#............#
#o############


You could see an orc warrior (very poisoned, weak) and 2 orc priests.

Vanquished Creatures
  A steam dragon (D:4)
  Duvessa (D:5)
  An ice beast (D:4)
  Blork the orc (D:5)
  A scorpion (D:4)
  Dowan (D:5)
  Natasha (D:2)
  A hound zombie (D:4)
  A hound skeleton (D:4)
  Robin (D:4)
  3 gnolls (D:4)
  9 adders
  A white imp (D:5)
  2 ufetubi (D:4)
  2 adder skeletons (D:4)
  An adder zombie (D:4)
  2 dart slugs
  10 orcs
  8 bats
  6 endoplasms
  7 giant cockroaches
  12 goblins
  7 hobgoblins
  A jackal (D:3)
  9 kobolds
  3 quokkas
  6 ball pythons
  A frilled lizard (D:1)
  5 rats
105 creatures vanquished.

Notes
Turn   | Place    | Note
-------+----------+-------------------------------------------
     0 | D:1      | sking99 the Tengu Alchemist began the quest for the Orb.
     0 | D:1      | Reached XP level 1. HP: 10/10 MP: 4/4
   150 | D:1      | Reached XP level 2. HP: 16/16 MP: 4/6
   242 | D:1      | Learned a level 2 spell: Mercury Vapours
   547 | D:1      | Reached skill level 3 in Alchemy
   882 | D:1      | Reached skill level 1 in Air Magic
   882 | D:1      | Reached XP level 3. HP: 20/20 MP: 4/7
  1115 | D:2      | Noticed Natasha
  1122 | D:2      | Killed Natasha
  1377 | D:2      | Reached XP level 4. HP: 24/24 MP: 5/8
  1411 | D:2      | Found a hide-covered altar of Uskayaw.
  2116 | D:3      | Learned a level 3 spell: Mephitic Cloud
  3164 | D:3      | Reached XP level 5. HP: 28/28 MP: 1/9
  3482 | D:4      | Found a snail-covered altar of Cheibriados.
  3511 | D:4      | Reached skill level 4 in Alchemy
  3514 | D:4      | Found Jootudol's Book Boutique.
  3514 | D:4      | Found Vantuuh's Magic Scroll Boutique.
  3537 | D:4      | Found a broken altar of Ashenzari.
  3560 | D:4      | Found a white marble altar of Elyvilon.
  3577 | D:4      | Became a worshipper of Ashenzari the Shackled
  3698 | D:4      | Noticed a steam dragon
  3736 | D:4      | Killed a steam dragon
  3737 | D:4      | Reached XP level 6. HP: 33/33 MP: 1/10
  3846 | D:4      | Found a sand-covered staircase.
  3862 | Ossuary  | Entered an ossuary
  4019 | D:4      | Found Tomouquo's General Store.
  4087 | D:4      | Noticed Robin
  4390 | D:4      | Killed Robin
  4432 | D:4      | Found Luaciram's Assorted Antiques.
  4718 | D:4      | Reached skill level 5 in Alchemy
  4839 | D:4      | Learned a level 3 spell: Stone Arrow
  5039 | D:5      | Entered Level 5 of the Dungeon
  5387 | D:5      | Noticed an ice beast
  5691 | D:4      | Gained mutation: Your magical flight helps you evade
                  | attacks. (EV +4) [Tengu growth]
  5691 | D:4      | Reached XP level 7. HP: 26/37 MP: 0/11
  5796 | D:5      | Reached * piety under Ashenzari
  5811 | D:5      | Noticed Duvessa
  5811 | D:5      | Noticed Dowan
  5833 | D:5      | Killed Duvessa
  5834 | D:5      | Reached skill level 1 in Earth Magic
  5836 | D:5      | Killed Dowan
  6034 | D:5      | Found a glowing silver altar of Zin.
  6036 | D:5      | Noticed Blork the orc
  6045 | D:5      | Killed Blork the orc
  6046 | D:5      | Reached skill level 6 in Alchemy
  6092 | D:5      | Found a staircase to the Ecumenical Temple.
  6101 | Temple   | Entered the Ecumenical Temple
  6181 | D:5      | Slain by an orc warrior

Illustrated notes

Levels and vault maps discovered:
D:1:      tekkud_arrival_beachfront_property, layout_loops_ring
D:2:      layout_basic, basic_altar, uniq_natasha
D:3:      minmay_razor_zed, layout_basic, chequers_avenue
D:4:      layout_loops_cross, mainiacjoe_overflow_concentric_impassable,
          mainiacjoe_overflow_catch_the_wave,
          mainiacjoe_ossuary_entry_find_the_door, serial_shops,
          nicolae_shop_dealshenge, nicolae_shop_distant_corner_stores,
          uniq_robin
D:5:      dreamdust_elfheim, layout_loops_ring, nicolae_overflow_hidden_temple,
          nicolae_overflow_squiral, minmay_temple_entry_mini_moons,
          nicolae_letterblocks [nicolae_letter_subblock,
          nicolae_letter_subblock, nicolae_letter_subblock,
          nicolae_letter_subblock, nicolae_letter_subblock,
          nicolae_letter_subblock, nicolae_letter_subblock,
          nicolae_letter_subblock, nicolae_letter_subblock,
          nicolae_letter_subblock, nicolae_letter_subblock,
          nicolae_letter_subblock, nicolae_letter_subblock,
          nicolae_letter_subblock, nicolae_letter_subblock,
          nicolae_letter_subblock, nicolae_letter_subblock,
          nicolae_letter_subblock, nicolae_letter_subblock,
          nicolae_letter_subblock, nicolae_letter_subblock,
          nicolae_letter_subblock, nicolae_letter_subblock,
          nicolae_letter_subblock, nicolae_letter_subblock], uniq_blork_the_orc
Temple:   hellmonk_temple_two_chambers

Skill      XL: |  1  2  3  4  5  6  7 |
---------------+----------------------+-----
Alchemy        | 3 4 5 6 |  6.0
Air Magic      | 1 2 3 4 |  4.0
Conjurations   | 2 3 4 |  4.4
Earth Magic    | 2 |  2.2
Fighting       | |  0.5
Dodging        | |  2.1
Stealth        | |  2.0
Spellcasting   | |  2.6

Action                     |  1- 3 |  4- 6 |  7- 9 || total
---------------------------+-------+-------+-------++-------
  Melee: Unarmed           |    10 |     1 |       ||    11
         Kick              |     1 |    11 |     3 ||    15
         Dagger            |       |    26 |     7 ||    33
         Peck              |       |     4 |       ||     4
   Cast: Sting             |    58 |   172 |    19 ||   249
         Mercury Vapours   |       |    13 |     5 ||    18
         Mephitic Cloud    |       |     1 |     1 ||     2
         Stone Arrow       |       |     1 |       ||     1
 Invoke: Curse Item        |       |     1 |     1 ||     2
    Use: Scroll            |       |    12 |       ||    12
   Stab: Sleeping          |       |     2 |     1 ||     3
         Confused          |       |       |     2 ||     2
 Armour: Robe              |    29 |    75 |    18 ||   122
  Dodge: Dodged            |    73 |   131 |    34 ||   238
         Repelled          |     1 |     3 |     1 ||     5
